 Dungeon Crawl Stone Soup version 0.28-a0-563-gf77a47075d (webtiles) character file.

Game seed: 11208510329318082070

47353 Gandalfino the Severer (level 14, -76/130 HPs)
             Began as a Minotaur Fighter on Sept 30, 2021.
             Was the Champion of Okawaru.
             Killed from afar by a deep elf annihilator (77 damage)
             ... with an iron shot
             ... on level 15 of the Dungeon.
             The game lasted 00:40:30 (17195 turns).

Gandalfino the Severer (Minotaur Fighter)          Turns: 17195, Time: 00:40:31

Health: -76/130    AC: 29    Str: 26    XL:     14   Next: 8%
Magic:  0/13       EV:  8    Int: 16    God:    Okawaru [******]
Gold:   1160       SH:  7    Dex: 17    Spells: 13/13 levels left

rFire   + + .      SeeInvis +   v - +4 broad axe (elec)
rCold   . . .      Faith    .   c - +0 buckler
rNeg    . . .      Spirit   +   J - +1 crystal plate armour
rPois   +          Reflect  .   z - +2 hat
rElec   +          Harm     .   e - +2 cloak
rCorr   .          Rampage  .   (no gloves)
Will    +....                   (no boots)
Stlth   ..........              k - amulet of Qolupp {Spirit Fragile rElec rF+ Int+7}
HPRegen 0.31/turn               f - ring "Vimih" {Contam rPois Int+4 Dex+7 SInv}
MPRegen 0.13/turn               H - ring of protection from fire

@: no status effects
A: horns 2, retaliatory headbutt
a: Renounce Religion, Heroism, Finesse, Duel


You were on level 15 of the Dungeon.
You worshipped Okawaru.
Okawaru was exalted by your worship.
You visited 2 branches of the dungeon, and saw 16 of its levels.

You collected 1160 gold pieces.

Inventory:

Hand Weapons
 b - a +3 war axe of freezing
 n - the +1 battleaxe "Qodiet" {antimagic, rElec rF+ Will+}
   (Okawaru gifted it to you on level 10 of the Dungeon)

   It reduces the magical energy of the wielder, and disrupts the spells and
   magical abilities of those it strikes.
   Natural abilities and divine invocations are not affected.
   rF:        It protects you from fire.
   rElec:     It insulates you from electricity.
   Will:      It increases your willpower.
 v - a +4 broad axe of electrocution (weapon)
 E - a +0 executioner's axe
Armour
 c - a +0 buckler (worn)
 e - a +2 cloak (worn)
 z - a +2 hat (worn)
 J - a +1 crystal plate armour (worn)
Jewellery
 f - the ring "Vimih" (left hand) {Contam rPois Int+4 Dex+7 SInv}
   (You acquired it on level 6 of the Dungeon)

   [ring of see invisible]

   Int:       It affects your intelligence (+4).
   Dex:       It affects your dexterity (+7).
   rPois:     It protects you from poison.
   SInv:      It lets you see invisible.
   Contam:    It causes magical contamination when unequipped.
 k - the amulet of Qolupp (around neck) {Spirit Fragile rElec rF+ Int+7}
   (You acquired it on level 6 of the Dungeon)

   [amulet of guardian spirit]

   It causes incoming damage to be divided between your reserves of health and
   magic.
   Int:       It affects your intelligence (+7).
   rF:        It protects you from fire.
   rElec:     It insulates you from electricity.
   Fragile:   It will be destroyed if unequipped.
 p - a +4 ring of slaying
 H - a ring of protection from fire (right hand)
Wands
 a - a wand of digging (15)
 y - a wand of acid (16)
 D - a wand of polymorph (3)
 G - a wand of flame (26)
Scrolls
 h - 11 scrolls of teleportation
 j - a scroll of identify
 o - 5 scrolls of noise
 A - a scroll of enchant armour
 C - 2 scrolls of brand weapon
 F - 2 scrolls of amnesia
 K - 2 scrolls of enchant weapon
Potions
 d - 3 potions of might
 g - a potion of mutation
 i - 3 potions of resistance
 m - 2 potions of brilliance
 r - 2 potions of flight
 s - 2 potions of lignification
 t - 3 potions of attraction
 u - 3 potions of ambrosia
 w - a potion of degeneration {unknown}
 x - 2 potions of invisibility {unknown}
 B - 2 potions of berserk rage {unknown}
 I - 3 potions of magic {unknown}
Miscellaneous
 q - a condenser vane


   Skills:
 + Level 13.9 Fighting
 + Level 18.6 Axes
 + Level 13.7 Armour
 + Level 5.8 Dodging
 + Level 3.2 Stealth
 + Level 10.7 Shields
 + Level 0.2 Unarmed Combat
 + Level 0.6 Invocations
 + Level 1.8 Evocations


You had 13 spell levels left.
You didn't know any spells.
Your spell library contained the following spells:

 Spells                   Type           Power      Damage    Failure   Level
 Scorch                   Fire           0%         2d5       100%        2
 Dazzling Flash           Conj/Hex       0%         N/A       100%        3
 Flame Wave               Conj/Fire      0%         3d3       100%        4
 Iskenderun's Mystic Bla  Conj/Tloc      0%         2d3       100%        4
 Starburst                Conj/Fire      0%         6d3       100%        6
 Summon Cactus Giant      Summ           Unusable   N/A       N/A         6

Dungeon Overview and Level Annotations

Branches:
Dungeon (15/15)            Temple (1/1) D:6            Lair (0/6) D:8
    Orc (0/2) D:9          Vaults (0/5) D:14         Depths (0/4) D:15

Altars:
Ashenzari
Cheibriados
Dithmenos
Elyvilon
Fedhas
Gozag
Hepliaklqana
Kikubaaqudgha
Makhleb
Nemelex Xobeh
Okawaru
Qazlal
Ru
Sif Muna
Trog
Uskayaw
Vehumet
Wu Jian
Xom
Yredelemnul
Zin
The Shining One
Beogh

Shops:
D:8 *

Portals:
Trove: D:10 (give 2 scrolls of acquirement)

Annotations:
D:8 1 runed translucent door
D:9 2 transporters


Innate Abilities, Weirdness & Mutations

You have a pair of horns on your head.
You reflexively headbutt those who attack you in melee.


Message History

Your headbutt misses the basilisk.
The basilisk is almost dead.
The basilisk bites you but does no damage.
You slice the basilisk!!
You kill the basilisk!
Okawaru accepts your kill.
The deep elf annihilator gestures wildly while chanting.
The deep elf annihilator blinks!
No target in view!
No target in view!
No target in view!
A deep elf annihilator is nearby!
The deep elf annihilator points at you and mumbles some strange words.
The crystal spear hits you!!!
* * * LOW HITPOINT WARNING * * *
You hear a deafening roar!
You are too injured to fight recklessly!
You are too injured to fight recklessly!
You are too injured to fight recklessly!
You are too injured to fight recklessly!
You are too injured to fight recklessly!
Unknown command.
You are too injured to fight recklessly!
You closely miss the deep elf annihilator.
You headbutt the deep elf annihilator!
The deep elf annihilator is lightly wounded.
You hear an angry buzzing noise.
The deep elf annihilator mumbles some strange words.
The deep elf annihilator blinks!
The deep elf annihilator gestures at you while chanting.
The iron shot hits you!!!
* * * LOW HITPOINT WARNING * * *
Okay, then.
Okay, then.
Okay, then.
Okay, then.
The deep elf annihilator gestures at you while chanting.
The iron shot hits you!!!!
Ouch! That really hurt!
You die...

#..##.#'#...#.##..###..#
#.# #..#).###.##....#..#
#. #..#'#.#(..##......##
# .....#.))(..##......#
########.#.#.##.##..## .
##'#'###.#.#.# ...
#.#.#)##..##.#
#.'#....e##.....##
#..@##.##...†).#
#'#.#.#..#..##.##
##..##..##..##..# ##..
..##.#...## ###
###.....### #........#
..........# ##.###.###.#
##.. .....#.##


You could see a deep elf annihilator.

Vanquished Creatures
  A ghost moth (D:14)
  A yaktaur captain (D:15)
  A rakshasa (D:15)
  3 hydras
  4 boulder beetles
  7 centaur warriors
  8 two-headed ogres
  A death knight (D:13)
  2 dancing weapons (D:14)
  2 tengu warriors
  Urug (D:10)
  A sun demon (D:13)
  A phantasmal warrior (D:13)
  7 ugly things (D:15)
  A deep elf pyromancer (D:14)
  6 cyclopes
  7 manticores
  Maurice (D:10)
  2 gargoyles
  A yaktaur (D:15)
  A molten gargoyle (D:14)
  Maggie (D:6)
  Psyche (D:11)
  2 tengu conjurers
  An efreet (D:15)
  An ice devil (D:13)
  2 freezing wraiths (D:13)
  3 trolls
  Grinder (D:6)
  Prince Ribbit (D:5)
  18 slime creatures
  A meliai zombie (D:10)
  Sigmund (D:5)
  4 wraiths
  2 fire elementals (D:14)
  16 vampire mosquitoes
  6 yaks
  A basilisk (shapeshifter) (D:15)
  An acid dragon (D:11)
  2 wargs (D:8)
  2 water moccasins (D:7)
  18 orc warriors
  2 sky beasts
  A hornet zombie (D:6)
  4 ice beasts
  3 necrophages
  11 centaurs
  3 ogres
  2 bullfrogs
  4 scorpions
  A wyvern skeleton (D:7)
  19 killer bees
  4 wights (D:7)
  5 howler monkeys
  A lava snake (D:14)
  4 crimson imps (D:13)
  3 centaur zombies
  A jelly (D:7)
  14 orc priests
  A centaur skeleton (D:5)
  A hound (D:6)
  A gnoll shaman (D:10)
  An iguana (D:5)
  8 orc wizards
  A killer bee zombie (D:7)
  A hound zombie (D:5)
  2 howler monkey zombies
  12 gnolls
  7 adders
  5 white imps
  An ufetubus (D:7)
  3 worms
  A dart slug (D:3)
  70 orcs
  4 bats
  11 endoplasms
  2 giant cockroaches
  2 goblins
  10 hobgoblins
  3 jackals (D:3)
  4 kobolds
  6 quokkas
  13 ball pythons
  4 rats
400 creatures vanquished.

Vanquished Creatures (others)
  8 plants (D:2)
8 creatures vanquished.

Grand Total: 408 creatures vanquished

Notes
Turn   | Place    | Note
-------+----------+-------------------------------------------
     0 | D:1      | Gandalfino the Minotaur Fighter began the quest for the
                  | Orb.
     0 | D:1      | Reached XP level 1. HP: 19/19 MP: 0/0
   279 | D:1      | Reached XP level 2. HP: 27/27 MP: 1/1
   851 | D:1      | Reached skill level 3 in Axes
   851 | D:1      | Reached XP level 3. HP: 31/33 MP: 2/2
  1717 | D:2      | Found a faded altar of an unknown god.
  1905 | D:2      | Reached XP level 4. HP: 41/41 MP: 3/3
  2095 | D:3      | Found a radiant altar of Vehumet.
  2145 | D:3      | Reached skill level 4 in Axes
  2416 | D:3      | Noticed a scorpion
  2423 | D:3      | Killed a scorpion
  2424 | D:3      | Reached XP level 5. HP: 44/47 MP: 4/4
  2879 | D:4      | Noticed an ogre
  2884 | D:4      | Killed an ogre
  2885 | D:4      | Reached skill level 5 in Axes
  2885 | D:4      | Reached skill level 1 in Dodging
  2947 | D:4      | Reached XP level 6. HP: 53/53 MP: 5/5
  3076 | D:5      | Entered Level 5 of the Dungeon
  3076 | D:5      | Noticed Sigmund
  3086 | D:5      | Killed Sigmund
  3087 | D:5      | Reached skill level 5 in Fighting
  3087 | D:5      | Reached skill level 6 in Axes
  3285 | D:5      | Noticed Prince Ribbit
  3298 | D:5      | Killed Prince Ribbit
  3299 | D:5      | Reached skill level 7 in Axes
  3299 | D:5      | Reached skill level 5 in Armour
  3299 | D:5      | Reached XP level 7. HP: 27/61 MP: 6/6
  3653 | D:5      | Reached skill level 8 in Axes
  3834 | D:5      | Reached XP level 8. HP: 67/69 MP: 7/7
  3974 | D:5      | Found a stormy altar of Qazlal.
  3983 | D:5      | Reached skill level 5 in Shields
  4070 | D:5      | Found a sacrificial altar of Ru.
  4368 | D:6      | Noticed Maggie
  4390 | D:6      | Killed Maggie
  4391 | D:6      | Reached skill level 9 in Axes
  5055 | D:6      | Reached XP level 9. HP: 47/78 MP: 8/8
  5136 | D:6      | Found a staircase to the Ecumenical Temple.
  5179 | Temple   | Entered the Ecumenical Temple
  5315 | Temple   | Became a worshipper of Warmaster Okawaru
  5387 | D:6      | Found a sparkling altar of Nemelex Xobeh.
  5387 | D:6      | Found a transporter.
  5406 | D:6      | Reached skill level 10 in Axes
  6085 | D:6      | Identified 2 scrolls of acquirement
  6085 | D:6      | Acquired the ring "Vimih" {Contam rPois Int+4 Dex+7 SInv}
  6089 | D:6      | Acquired the amulet of Qolupp {Spirit Fragile rElec rF+
                  | Int+7}
  6201 | D:6      | Noticed Grinder
  6213 | D:6      | Killed Grinder
  6213 | D:6      | Reached * piety under Okawaru
  6674 | D:7      | Reached skill level 1 in Stealth
  6678 | D:7      | Reached skill level 11 in Axes
  6768 | D:7      | Identified the +7 chain mail of Ofocw {SInv}
  6984 | D:7      | Reached ** piety under Okawaru
  7215 | D:8      | Reached XP level 10. HP: 76/88 MP: 9/9
  7452 | D:8      | Noticed a manticore
  7457 | D:8      | Noticed a centaur warrior
  7468 | D:8      | Noticed a cyclops
  7471 | D:8      | Reached skill level 12 in Axes
  7480 | D:8      | Killed a cyclops
  7485 | D:8      | Killed a centaur warrior
  7485 | D:8      | Reached *** piety under Okawaru
  7608 | D:8      | Killed a manticore
  7725 | D:8      | Found a staircase to the Lair.
  7865 | D:8      | Noticed a two-headed ogre
  7872 | D:8      | Killed a two-headed ogre
  7873 | D:8      | Reached skill level 13 in Axes
  8060 | D:8      | Found Daeck's Assorted Antiques.
  8076 | D:8      | Found a runed translucent door.
  8078 | D:8      | Noticed a sixfirhy
  8367 | D:9      | Reached **** piety under Okawaru
  8381 | D:9      | Noticed a cyclops
  8395 | D:9      | Killed a cyclops
  8646 | D:9      | Reached XP level 11. HP: 91/99 MP: 6/10
  8707 | D:9      | Found a staircase to the Orcish Mines.
  8944 | D:9      | Reached skill level 14 in Axes
  9046 | D:9      | Found a transporter.
  9066 | D:9      | Noticed a skeletal warrior
  9114 | D:9      | Noticed a two-headed ogre
  9121 | D:9      | Killed a two-headed ogre
  9121 | D:9      | Reached ***** piety under Okawaru
  9122 | D:9      | Reached skill level 10 in Fighting
  9296 | D:9      | Found a transporter.
  9296 | D:9      | Found a basalt altar of Yredelemnul.
  9300 | D:9      | Noticed a death knight
  9306 | D:9      | Found an ancient bone altar of Kikubaaqudgha.
  9511 | D:9      | Noticed a two-headed ogre
  9516 | D:9      | Killed a two-headed ogre
  9745 | D:10     | Entered Level 10 of the Dungeon
  9790 | D:10     | Noticed Maurice
  9798 | D:10     | Killed Maurice
 10019 | D:10     | Noticed Urug
 10032 | D:10     | Killed Urug
 10033 | D:10     | Reached skill level 5 in Dodging
 10035 | D:10     | Found a portal to a secret trove of treasure.
 10236 | D:10     | Identified the +1 battleaxe "Qodiet" {antimagic, rElec rF+
                  | Will+} (Okawaru gifted it to you on level 10 of the
                  | Dungeon)
 10236 | D:10     | Received a gift from Okawaru
 10257 | D:10     | Reached skill level 10 in Armour
 10441 | D:10     | Reached skill level 15 in Axes
 10673 | D:11     | Noticed Psyche
 10686 | D:11     | Killed Psyche
 10881 | D:11     | Received a gift from Okawaru
 10919 | D:11     | Reached XP level 12. HP: 108/108 MP: 11/11
 11097 | D:11     | Noticed a two-headed ogre
 11103 | D:11     | Killed a two-headed ogre
 11276 | D:12     | Noticed a two-headed ogre
 11283 | D:12     | Killed a two-headed ogre
 11355 | D:12     | Reached skill level 16 in Axes
 11515 | D:12     | Noticed a boulder beetle
 11529 | D:12     | Killed a boulder beetle
 11752 | D:12     | Noticed a two-headed ogre
 11760 | D:12     | Killed a two-headed ogre
 12744 | D:13     | Noticed a centaur warrior
 12751 | D:13     | Killed a centaur warrior
 12751 | D:13     | Received a gift from Okawaru
 12877 | D:13     | Noticed a death knight
 12896 | D:13     | Killed a death knight
 13158 | D:13     | Noticed a centaur warrior
 13171 | D:13     | Killed a centaur warrior
 13172 | D:13     | Reached skill level 17 in Axes
 13641 | D:13     | Noticed a two-headed ogre
 13653 | D:13     | Killed a two-headed ogre
 13653 | D:13     | Received a gift from Okawaru
 13814 | D:13     | Noticed a two-headed ogre
 13821 | D:13     | Killed a two-headed ogre
 13822 | D:13     | Reached XP level 13. HP: 118/119 MP: 12/12
 13862 | D:13     | Reached ****** piety under Okawaru
 14468 | D:14     | Reached skill level 10 in Shields
 14499 | D:14     | Reached skill level 1 in Evocations
 14604 | D:14     | Received a gift from Okawaru
 14614 | D:14     | Found a gate to the Vaults.
 15032 | D:14     | Noticed a ghost moth
 15032 | D:14     | a six-headed hydra changed into a ghost moth
 15037 | D:14     | Killed a ghost moth
 15892 | D:15     | Entered Level 15 of the Dungeon
 15906 | D:15     | Received a gift from Okawaru
 15907 | D:15     | Reached skill level 18 in Axes
 17031 | D:15     | Found a staircase to the Depths.
 17092 | D:15     | Found an ancient bone altar of Kikubaaqudgha.
 17092 | D:15     | Found an ancient bone altar of Kikubaaqudgha.
 17093 | D:15     | Found an iron altar of Okawaru.
 17127 | D:15     | Received a gift from Okawaru
 17133 | D:15     | Reached XP level 14. HP: 87/130 MP: 8/13
 17194 | D:15     | HP: 1/130 [deep elf annihilator/iron shot (39)]
 17195 | D:15     | Killed from afar by a deep elf annihilator

Illustrated notes

Levels and vault maps discovered:
D:1:      mainiacjoe_arrival_reflecting_pool, layout_loops_ring
D:2:      layout_loops_corners, basic_ecumenical_altar, serial_bayou_ford_a,
          minmay_crystal_room
D:3:      layout_rooms, mainiacjoe_overflow_surrounded_room
D:4:      layout_basic
D:5:      layout_basic, grunt_temple_overflow_open, uniq_sigmund,
          uniq_prince_ribbit1
D:6:      layout_loops_cross, grunt_nemelex_the_gamble,
          minmay_temple_entry_large_hall, uniq_grinder, uniq_maggie
D:7:      layout_rooms
D:8:      cheibrodos_shockbox, layout_basic, erik_lair_orcish_takeover,
          serial_shops, kennysheep_mini_moat, minmay_diamond_spiral
D:9:      layout_long_grid, gammafunk_temple_of_torment, david_orc_5
D:10:     layout_rooms, enter_trove_2, special_room [special_room_orc],
          uniq_urug, uniq_maurice
D:11:     layout_rooms, special_room [special_room_orc], uniq_psyche
D:12:     layout_loops_corners, serial_rivers, chequers_serial_rivers_small_a,
          chequers_serial_rivers_micro_e, chequers_serial_rivers_room_a,
          chequers_serial_rivers_micro_c
D:13:     layout_loops_ring, minmay_fire_ice_demons
D:14:     layout_basic, erik_vaults_1, kennysheep_cross_room,
          gauntlet_entry_generic
D:15:     hangedman_slaughterboxes, serial_shops
Temple:   kb_temple_of_zot

Skill      XL: |  1  2  3  4  5  6  7  8  9 10 11 12 13 |
---------------+----------------------------------------+-----
Armour         | 4 5 7 8 10 11 13 | 13.7
Fighting       | 4 5 6 8 9 10 12 13 | 13.9
Axes           | 3 4 5 7 8 9 11 13 15 17 18 | 18.6
Shields        | 4 5 6 7 8 9 10 | 10.7
Dodging        | 1 3 4 5 |  5.8
Stealth        | 1 2 3 |  3.2
Evocations     | 1 |  1.8
Unarmed Combat | |  0.2
Invocations    | |  0.6

Action                   |  1- 3 |  4- 6 |  7- 9 | 10-12 | 13-15 || total
-------------------------+-------+-------+-------+-------+-------++-------
Melee: War axe           |    82 |    89 |   250 |    35 |       ||   456
       Headbutt          |    16 |     9 |    36 |   115 |    67 ||   243
       Unarmed           |       |       |     1 |       |       ||     1
       Broad axe         |       |       |       |   420 |   199 ||   619
Invok: Heroism           |       |       |       |     3 |       ||     3
Evoke: Wand              |       |       |       |       |    20 ||    20
  Use: Scroll            |       |       |    14 |    10 |       ||    24
       Potion            |       |       |     1 |     4 |       ||     5
 Stab: Invisible         |       |       |       |     5 |       ||     5
Armor: Scale mail        |    32 |    36 |    34 |       |       ||   102
       Acid dragon scale |       |       |    22 |       |       ||    22
       Chain mail        |       |       |    24 |   210 |   147 ||   381
       Crystal plate arm |       |       |       |       |    70 ||    70
Dodge: Dodged            |    35 |    45 |   109 |   191 |   123 ||   503
Block: Buckler           |    14 |    19 |   107 |   129 |    83 ||   352
       Reflection        |       |       |     3 |       |       ||     3

Table legend: (Time is in decaauts)
 A = Elapsed time spent in this place.
 B = Non-inter-level travel time spent in this place.
 C = Inter-level travel time spent in this place.
 D = Time resting spent in this place.
 E = Time spent auto-exploring this place.
 F = Levels seen in this place.
 G = Mean time per level.
                   A        B        C        D        E       F      G
               +--------+--------+--------+--------+--------+-----+--------+
         Total |  17162 |  16751 |    411 |   2124 |  11912 |  16 | 1072.6 |
       Dungeon |  16991 |  16604 |    387 |   2124 |  11809 |  15 | 1132.7 |
        Temple |    170 |    146 |     24 |      0 |    103 |   1 |  170.0 |
               +--------+--------+--------+--------+--------+-----+--------+

Top non-repeatable levels by time:
     D:6: 2068 daAuts
    D:12: 1576 daAuts
    D:13: 1569 daAuts
    D:14: 1545 daAuts
     D:8: 1455 daAuts
    D:15: 1268 daAuts
     D:5: 1226 daAuts
     D:9: 1170 daAuts
     D:1: 1063 daAuts
     D:2: 1055 daAuts
    D:10: 736 daAuts
    D:11: 653 daAuts
     D:7: 584 daAuts
     D:3: 552 daAuts
     D:4: 465 daAuts
